 Dungeon Crawl Stone Soup version 0.17.0-24-gcfadda4 (console) character file.

2 jw the Skirmisher (level 1, 0/24 HPs)
             Began as an Octopode Berserker on Nov 16, 2015.
             Was a Follower of Trog.
             Slain by a kobold
             ... wielding a +0 short sword
              (4 damage)
             ... on level 1 of the Dungeon.
             The game lasted 00:00:20 (56 turns).

jw the Skirmisher (Octopode Berserker)                Turns: 56, Time: 00:00:20

Health: 0/24       AC:  1    Str: 21    XL:     1   Next: 40%
Magic:  1/1        EV: 12    Int:  9    God:    Trog [*.....]
Gold:   0          SH:  0    Dex: 11    Spells: 0 memorised, 0 levels left

rFire  . . .     SeeInvis .     a - +0 short sword
rCold  . . .     Clarity  .     (no shield)
rNeg   . . .     SustAt   .     (helmet restricted)
rPois  .         Gourm    .     (no amulet)
rElec  .         Spirit   .     (no ring)
rCorr  .         Warding  .     (no ring)
rMut   .         Stasis   .     (no ring)
MR     .....                    (no ring)
Stlth  ..........               (no ring)
                                (no ring)
                                (no ring)
                                (no ring)

@: berserking, very quick, not resistant to hostile enchantments, extremely
unstealthy
A: almost no armour, amphibious, 8 rings, constrict 8, camouflage 1, gelatinous
body 1
a: Berserk, Burn Spellbooks, Renounce Religion


You were on level 1 of the Dungeon.
You worshipped Trog.
Trog was aware of your devotion.
You were not hungry.

You visited 1 branch of the dungeon, and saw 1 of its levels.

Inventory:

Hand Weapons
 a - a +0 short sword (weapon)
Missiles
 c - 40 stones (quivered)
Potions
 d - a potion of ambrosia {unknown}
Comestibles
 b - a bread ration


   Skills:
 + Level 3.0 Fighting
 * Level 3.0 Short Blades
 + Level 0.0 Throwing
 + Level 3.0 Dodging
 * Level 0.4 Stealth


You couldn't memorise any spells.
You didn't know any spells.

Dungeon Overview and Level Annotations

Branches:
Dungeon (1/15)

Altars:


Innate Abilities, Weirdness & Mutations

You cannot wear most types of armour.
You are amphibious.
You can wear up to eight rings at the same time.
You can use your tentacles to constrict eight enemies at once.
Your skin changes colour to match your surroundings (Stealth).
Your rubbery body absorbs attacks (AC +1).


Message History

Throwing (i - inventory):
c - 41 stones (quivered)
Press: ? - help, Shift-Dir - straight line, f - kobold
Aim: a kobold, wielding a short sword (hasn't noticed you)
You throw a stone. The stone closely misses the kobold.
The kobold throws a stone.
The stone hits you.
ATTACK MOVE TO (0,1)
The kobold throws a stone.
The stone hits you but does no damage.
Things that are here:
a stone; a club; a goblin corpse ATTACK MOVE TO (1,1)
The kobold throws a stone.
The stone hits you but does no damage.
You see here a stone.
ATTACK MOVE TO (0,1) ATTACK MOVE TO (1,1)
The kobold hits you with a short sword. The hobgoblin misses you.
You see here 2 stones.
A red film seems to cover your vision as you go berserk!
You feel yourself moving faster!
You feel mighty!
You feel somewhat more hungry. The kobold hits you with a short sword.
You die...

...........###..#
...........# #..# .#
###.##.....# #..# .#
#.##.....###..##..#.
#...........(......###
############(.##.##...
........(#.....
########.#g.##.#.
........xg......
#########K..#... ...#
.(.# ..## ... #.## ..


You could see 2 hobgoblins and a kobold.

Table legend:
 A = Turns spent in this place as a percentage of turns spent in the entire game.
 B = Non-inter-level travel turns spent in this place as a percentage of non-inter-level travel turns spent in the entire game.
 C = Inter-level travel turns spent in this place as a percentage of turns spent in this place.
 D = Turns resting spent in this place as a percentage of non-inter-level travel turns spent in this place.
 E = Turns spent auto-exploring this place as a percentage of non-inter-level travel turns spent in this place.
 F = Non-inter-level travel turns spent in this place divided by the number of levels of this place that you've seen.
                   A       B       C       D       E      F
               +-------+-------+-------+-------+-------+----------------------
         Total | 100.0 | 100.0 |   0.0 |   1.2 |   2.4 | 167.0
       Dungeon | 100.0 | 100.0 |   0.0 |   1.2 |   2.4 | 167.0
               +-------+-------+-------+-------+-------+----------------------

Table legend:
 A = Kills in this place as a percentage of kills in entire the game.
 B = Kills by you in this place as a percentage of kills by you in the entire game.
 C = Kills by friends in this place as a percentage of kills by friends in the entire game.
 D = Other kills in this place as a percentage of other kills in the entire game.
 E = Experience gained in this place as a percentage of experience gained in the entire game.
 F = Experience gained in this place divided by the number of levels of this place that you have seen.
                   A       B       C       D       E      F
               +-------+-------+-------+-------+-------+----------------------
         Total | 100.0 | 100.0 |  -nan |  -nan | 100.0 |   4.0
       Dungeon | 100.0 | 100.0 |  -nan |  -nan | 100.0 |   4.0
               +-------+-------+-------+-------+-------+----------------------

Vanquished Creatures
  2 goblins (D:1)
2 creatures vanquished.

Notes
Turn   | Place    | Note
--------------------------------------------------------------
     0 | D:1      | jw the Octopode Berserker began the quest for the Orb.
     0 | D:1      | Reached XP level 1. HP: 16/16 MP: 1/1
    56 | D:1      | Slain by a kobold

Action                   || total
-------------------------++-------
Melee: Short sword       ||     3
Throw: Stone             ||     6
Invok: Berserk           ||     1
 Stab: Sleeping          ||     1

Vault maps used:
D:1:      scummos_arrival_simple_crosswalls, dk_noncrumbling_3,
          minmay_misc_feat_pillars
